 Dungeon Crawl Stone Soup version 0.30.1-9-gdf580d7c3d (webtiles) character file.

Game seed: 2904391147151688222

94 Ekaitz the Gusty (level 4, -1/25 HPs)
             Began as a Tengu Air Elementalist on Oct 13, 2023.
             Slain by Grinder (4 damage)
             ... on level 3 of the Dungeon.
             The game lasted 00:03:40 (2127 turns).

Ekaitz the Gusty (Tengu Air Elementalist)           Turns: 2127, Time: 00:03:40

Health: -1/25      AC:  3    Str: 10    XL:     4   Next: 63%
Magic:  6/8        EV: 12    Int: 16    God:
Gold:   81         SH:  0    Dex: 14    Spells: 1/7 levels left

rFire   . . .        u - +0 dagger (venom)
rCold   . . .        (no shield)
rNeg    . . .        a - +0 robe
rPois   .            (helmet restricted)
rElec   .            k - +0 cloak
rCorr   .            (no gloves)
SInv    .            (boots unavailable)
Will    .....        s - amulet of magic regeneration
Stlth   ++           (no ring)
HPRegen 0.24/turn    (no ring)
MPRegen 0.51/turn

%: no passive effects
@: no status effects
A: beak, talons 3
a: no special abilities


You were on level 3 of the Dungeon.
You visited 1 branch of the dungeon, and saw 3 of its levels.

You collected 81 gold pieces.

Inventory:

Hand Weapons
 h - a +1 whip of electrocution
 n - a +2 antimagic hand axe
 t - a +0 lajatang
 u - a +0 dagger of venom (weapon)
Armour
 a - a +0 robe (worn)
 k - a +0 cloak (worn)
 p - a scarf of harm
Jewellery
 s - an amulet of magic regeneration (around neck)
Wands
 q - a wand of light (4)
Scrolls
 c - a scroll of enchant armour {unknown}
 d - a scroll of identify {unknown}
 f - 2 scrolls of teleportation {unknown}
 i - a scroll of magic mapping {unknown}
 l - a scroll of poison {unknown}
 o - a scroll of immolation {unknown}
Potions
 b - 2 potions of magic
 e - 6 potions of curing
 g - a potion of degeneration {unknown}
 j - a potion of haste {unknown}
 m - 2 potions of attraction {unknown}
 r - a potion of heal wounds {unknown}


   Skills:
 * Level 1.0 Fighting
 * Level 2.5 Dodging
 + Level 2.0 Stealth
 + Level 2.4 Spellcasting
 * Level 3.3 Conjurations
 * Level 5.2 Air Magic


You had one spell level left.
You knew the following spells:

 Your Spells              Type           Power      Damage    Failure   Level
a - Shock                 Conj/Air       60%        1d6       3%          1
b - Static Discharge      Conj/Air       30%        2-4/arc   5%          2
c - Swiftness             Air            18%        N/A       7%          3

Your spell library contained the following spells:

 Spells                   Type           Power      Damage    Failure   Level
 Airstrike                Air            9%         2d(2-18)  24%         4
 Gell's Gravitas          Tloc           1%         N/A       52%         3
 Teleport Other           Tloc           1%         N/A       52%         3
 Dispersal                Tloc           0%         N/A       100%        6


Dungeon Overview and Level Annotations

Branches:
Dungeon (3/15)

Altars:

Shops:
D:2 =

Annotations:
D:3 Grinder


Innate Abilities, Weirdness & Mutations

You have a beak for a mouth.
You have claws for feet.


Message History

Grinder is lightly wounded.
The zap hits Grinder.
Grinder is lightly wounded.
Casting: Shock (safe; 3% risk of failure)
Confirm with . or Enter, or press ? or * to list all spells.
Aiming: Shock (safe; 3% risk of failure)
Press: ? - help, Shift-Dir - straight line, p - Grinder The zap hits Grinder.
Grinder is moderately wounded.
The zap hits Grinder.
Grinder is moderately wounded.
Grinder hits you!
You writhe in agony.
Casting: Shock (safe; 3% risk of failure)
Confirm with . or Enter, or press ? or * to list all spells.
Aiming: Shock (safe; 3% risk of failure)
Press: ? - help, Shift-Dir - straight line The zap misses Grinder. x2; Grinder hits you.
You writhe in agony.
Unknown command.
It was a potion of curing.
You feel better. Grinder hits you.
You writhe in agony.
Casting: Shock (safe; 3% risk of failure)
Confirm with . or Enter, or press ? or * to list all spells.
Aiming: Shock (safe; 3% risk of failure)
Press: ? - help, Shift-Dir - straight line The zap hits Grinder.
Grinder is moderately wounded.
The zap hits Grinder.
Grinder is moderately wounded.
Grinder gestures at you. You resist with significant effort.
Casting: Shock (safe; 3% risk of failure)
Confirm with . or Enter, or press ? or * to list all spells.
Aiming: Shock (safe; 3% risk of failure)
Press: ? - help, Shift-Dir - straight line The zap misses Grinder.
The zap hits Grinder.
Grinder is moderately wounded.
Grinder hits you!
* * * LOW HITPOINT WARNING * * *
You writhe in agony.
You die...

#.# #.# ## #.# ##. #.#
#.. #.# #.. #.# #.#
#.# ##.####)# ..#
#..5....# #.# #.@#
#.## #..# #..# #..#
#..## #..# ....#
#..#####
#...###########......#
#..............†####.#
##.)############# #.#
....# #.#


You could see Grinder.

Vanquished Creatures
  An orc priest (D:2)
  An adder (D:2)
  7 orcs
  A ball python (D:1)
  8 endoplasms
  A giant cockroach (D:1)
  4 hobgoblins
  5 kobolds
  3 quokkas
  5 bats
  4 frilled lizards
  2 goblins (D:1)
  4 rats
46 creatures vanquished.

Notes
Turn   | Place    | Note
-------+----------+-------------------------------------------
     0 | D:1      | Ekaitz the Tengu Air Elementalist began the quest for the
                  | Orb.
     0 | D:1      | Reached XP level 1. HP: 10/10 MP: 4/4
   212 | D:1      | Reached XP level 2. HP: 15/15 MP: 3/6
   215 | D:1      | Learned a level 2 spell: Static Discharge
   694 | D:1      | Reached XP level 3. HP: 20/20 MP: 4/7
   698 | D:1      | Learned a level 3 spell: Swiftness
   919 | D:2      | Found a faded altar of an unknown god.
  1201 | D:2      | Reached skill level 1 in Fighting
  1407 | D:2      | Reached skill level 5 in Air Magic
  1407 | D:2      | Reached XP level 4. HP: 25/25 MP: 4/8
  1597 | D:2      | Found Nusif's Jewellery Emporium.
  2118 | D:3      | Noticed Grinder
  2127 | D:3      | Slain by Grinder

Illustrated notes

Levels and vault maps discovered:
D:1:      dpeg_arrival_orchard, layout_basic
D:2:      cheibrodos_pilgrimage, layout_basic, ebering_ecumenical_altar_mist,
          serial_shops, nicolae_diamond_shop
D:3:      layout_loops_ring, uniq_grinder, uniq_crazy_yiuf_cottage

Skill      XL: |  1  2  3 |
---------------+----------+-----
Conjurations   | 2 3 |  3.3
Fighting       | 1 |  1.0
Air Magic      | 5 |  5.2
Dodging        | |  2.5
Stealth        | |  2.0
Spellcasting   | |  2.4

Action                     |  1- 3 |  4- 6 || total
---------------------------+-------+-------++-------
  Melee: Whip              |       |     1 ||     1
   Cast: Shock             |    59 |    28 ||    87
    Use: Potion            |       |     1 ||     1
 Armour: Robe              |     4 |       ||     4
  Dodge: Dodged            |     6 |       ||     6
